 Dungeon Crawl Stone Soup version 0.22-a0-149-g870e420 (webtiles) character file.

46 TheDeThijs the Cudgeler (level 3, -2/31 HPs)
             Began as a Minotaur Berserker on Feb 7, 2018.
             Was a Believer of Trog.
             Killed from afar by Sigmund (13 damage)
             ... with a puff of flame
             ... on level 2 of the Dungeon.
             The game lasted 00:04:01 (1346 turns).

TheDeThijs the Cudgeler (Minotaur Berserker)        Turns: 1346, Time: 00:04:02

Health: -2/31      AC:  2    Str: 21    XL:     3   Next: 44%
Magic:  2/2        EV: 12    Int:  4    God:    Trog [**....]
Gold:   93         SH:  0    Dex: 10    Spells: 2/2 levels left

rFire    . . .     SeeInvis .   a - +0 mace
rCold    . . .     Gourm    .   (no shield)
rNeg     . . .     Faith    .   b - +0 animal skin
rPois    .         Spirit   .   (helmet restricted)
rElec    .         Reflect  .   (no cloak)
rCorr    .         Harm     .   (no gloves)
MR       .....                  (no boots)
Stlth    +.........             (no amulet)
HPRegen  0.10/turn              (no ring)
MPRegen  0.08/turn              (no ring)

@: no status effects
A: retaliatory headbutt, horns 2
a: Berserk, Trog's Hand, Burn Spellbooks, Renounce Religion


You were on level 2 of the Dungeon.
You worshipped Trog.
Trog was pleased with you.
You were not hungry.

You visited 1 branch of the dungeon, and saw 2 of its levels.

You collected 93 gold pieces.

Inventory:

Hand Weapons
 a - a +0 mace (weapon)
Missiles
 e - 98 stones
 n - 3 tomahawks (quivered)
Armour
 b - a +0 animal skin (worn)
 d - a +0 leather armour
 g - a cursed +0 leather armour
Jewellery
 h - a +3 ring of protection {unknown}
 k - an uncursed ring of stealth {unknown}
 m - an uncursed ring of poison resistance {unknown}
Scrolls
 i - 4 scrolls of identify {unknown}
 j - a scroll of fog {unknown}
 l - a scroll of enchant armour {unknown}
 o - a scroll of remove curse {unknown}
Potions
 f - a potion of lignification {unknown}
 p - a potion of cancellation {unknown}
Comestibles
 c - 4 rations


   Skills:
 - Level 3.6 Fighting
 * Level 5.2 Maces & Flails
 + Level 0.8 Throwing
 - Level 2.4 Armour
 - Level 2.1 Dodging
 + Level 0.2 Stealth


You had 2 spell levels left.
You didn't know any spells.

Dungeon Overview and Level Annotations

Branches:
Dungeon (2/15)

Altars:

Annotations:
D:2 Sigmund


Innate Abilities, Weirdness & Mutations

You reflexively headbutt those who attack you in melee.
You have a pair of horns on your head.


Message History

Aim: Sigmund, wielding a scythe and wearing a robe You throw a tomahawk.
The tomahawk closely misses Sigmund.
Sigmund gestures at you while chanting. The magic dart hits you!
Throwing (i - inventory. (/) - cycle)
n - 4 tomahawks (quivered)
Press: ? - help, Shift-Dir - straight line, f/p - Sigmund
Aim: Sigmund, wielding a scythe and wearing a robe You throw a tomahawk.
The tomahawk hits Sigmund but does no damage.
Sigmund points at you and mumbles some strange words.
The magic dart hits you! Sigmund gestures at you while chanting.
You resist with significant effort.
Sigmund drinks a potion.
Sigmund suddenly seems more agile.
Sigmund points at you and mumbles some strange words.
The puff of flame hits you!
Sigmund says, "Don't worry, I'll kill you fast."
Sigmund points at you and mumbles some strange words.
The puff of flame hits you!
You die...

#@ #.# #. #@# #( #.#
#. #.# #. #.# #.# #.#
..#########.# ..
.........@.#
....###....#####
#..............#
.#.###.##.#####
#.###.##.....#
#.....########
######.......#
#.....#####.### ##
+..............####.#


You could see Sigmund.

Vanquished Creatures
  An adder (D:2)
  An ooze (D:2)
  A worm (D:2)
  A leopard gecko (D:1)
  An orc (D:2)
  A ball python (D:2)
  A giant cockroach (D:1)
  3 goblins
  5 hobgoblins
  7 bats
  3 kobolds (D:1)
  3 rats
28 creatures vanquished.

Notes
Turn   | Place    | Note
-------+----------+-------------------------------------------
     0 | D:1      | TheDeThijs the Minotaur Berserker began the quest for the Orb.
     0 | D:1      | Reached XP level 1. HP: 19/19 MP: 0/0
   104 | D:1      | Reached skill level 4 in Maces & Flails
   223 | D:1      | Reached XP level 2. HP: 26/26 MP: 1/1
  1018 | D:2      | Reached XP level 3. HP: 23/31 MP: 2/2
  1101 | D:2      | Reached skill level 5 in Maces & Flails
  1160 | D:2      | Reached ** piety under Trog
  1326 | D:2      | Noticed Sigmund
  1346 | D:2      | Killed from afar by Sigmund

Vault maps used:
D:1:      zelgadis_glass_arrival_small
D:2:      lemuel_coloured_pillars_altar, uniq_sigmund

Skill      XL: |  1  2  3 |
---------------+----------+-----
Maces & Flails | 4 5 |  5.2
Fighting       | |  3.6
Throwing       | |  0.8
Armour         | |  2.4
Dodging        | |  2.1
Stealth        | |  0.2

Action                   || total
-------------------------++-------
Melee: Mace              ||    47
       Headbutt          ||     6
Throw: Stone             ||    55
       Tomahawk          ||     3
Invok: Berserk           ||     1
  Eat: Chunk             ||     2
Armor: Animal skin       ||     7
Dodge: Dodged            ||    36

Table legend:
 A = Spawn XP
 B = Non-spawn XP
 C = Spawn XP percentage of total XP
 D = Spawn monster count
 E = Non-spawn monster count
 F = Spawn count percentage of total count
 G = Total turns spent on level
                    A         B        C        D         E        F      G
               +---------+---------+-------+---------+---------+-------+---------
         Total |       0 |      66 |   0.0 |       0 |      28 |   0.0 |  1346
               +---------+---------+-------+---------+---------+-------+---------
           D:1 |       0 |      22 |   0.0 |       0 |      13 |   0.0 |   960
           D:2 |       0 |      44 |   0.0 |       0 |      15 |   0.0 |   386
               +---------+---------+-------+---------+---------+-------+---------
